[ AOE2 MATCH · #507637303 ]
UnrankedKhmer vs Magyars
Player's team · LOSS
Rival team · WIN
[ REPLAY ANALYSIS · EXTRACTED FROM THE RECORDED GAME ]
Feudal
8:40
Castle
33:06
Imperial
—
| APM avg | 28.5 |
| APM peak | 54 |
| eAPM avg | 17.2 |
| Villagers / military | 63 / 15 |
Focus
⚔️ 24.7% · 🌾 75.3%
Spearman ×13 · Knight ×2
Feudal
9:53
Castle
21:04
Imperial
—
| APM avg | 34.9 |
| APM peak | 78 |
| eAPM avg | 16.4 |
| Villagers / military | 55 / 21 |
Focus
⚔️ 23.3% · 🌾 76.7%
Magyar Huszar ×14 · Scorpion ×4 · Battering Ram ×2 · Mangonel ×1
Match map
Initial resources + every placement click. Lines = walls · curves = elevation contours. ◆ gold · ⬟ stone · ● berries · ✦ relic · ◌ wall gap
Your base· Open — 4t gap
florida's base· Open — 5t gap
Smoothed initial terrain · ◌ = detected wall gap · hover for details
Inputs per minute
— Lord_calderon - - florida
Build order — Lord_calderon
First 150 of 189 actions detected
| 0:01 | Queue | Villager (Male) |
| 0:01 | Queue | Villager (Male) |
| 0:03 | Build | House |
| 0:06 | Build | House |
| 0:11 | Queue | Villager (Male) |
| 0:12 | Queue | Villager (Male) |
| 1:35 | Queue | Villager (Male) |
| 1:36 | Queue | Villager (Male) |
| 1:36 | Queue | Villager (Male) |
| 2:02 | Queue | Villager (Male) |
| 2:35 | Queue | Villager (Male) |
| 2:46 | Build | House |
| 3:02 | Queue | Villager (Male) |
| 3:02 | Queue | Villager (Male) |
| 3:26 | Queue | Villager (Male) |
| 3:26 | Queue | Villager (Male) |
| 4:15 | Queue | Villager (Male) |
| 4:16 | Queue | Villager (Male) |
| 4:28 | Build | Mill |
| 4:45 | Queue | Villager (Male) |
| 4:45 | Queue | Villager (Male) |
| 5:29 | Queue | Villager (Male) |
| 5:30 | Research | Loom |
| 6:30 | Research | Feudal Age |
| 7:01 | Build | Mining Camp |
| 7:58 | Build | Palisade Wall |
| 8:00 | Build | Palisade Wall |
| 8:02 | Build | Palisade Wall |
| 8:16 | Build | Palisade Wall |
| 8:19 | Build | Palisade Wall |
| 8:40 | Age | Feudal Age |
| 8:43 | Queue | Villager (Male) |
| 9:06 | Queue | Villager (Male) |
| 9:09 | Build | House |
| 9:27 | Build | Watch Tower |
| 9:31 | Queue | Villager (Male) |
| 9:56 | Build | Watch Tower |
| 9:59 | Build | Palisade Wall |
| 10:00 | Queue | Villager (Male) |
| 10:06 | Build | Palisade Wall |
| 10:09 | Build | Palisade Wall |
| 10:11 | Build | Palisade Wall |
| 10:16 | Build | Palisade Wall |
| 10:18 | Build | Palisade Wall |
| 10:26 | Queue | Villager (Male) |
| 10:34 | Build | Palisade Wall |
| 10:36 | Build | Palisade Wall |
| 10:48 | Queue | Villager (Male) |
| 11:01 | Build | Watch Tower |
| 11:19 | Queue | Villager (Male) |
| 11:47 | Queue | Villager (Male) |
| 11:51 | Build | Blacksmith |
| 12:18 | Build | House |
| 12:47 | Queue | Villager (Male) |
| 12:51 | Research | Fletching |
| 12:51 | Research | Fletching |
| 13:13 | Queue | Villager (Male) |
| 14:01 | Build | Watch Tower |
| 14:07 | Queue | Villager (Male) |
| 14:39 | Queue | Villager (Male) |
| 14:40 | Queue | Villager (Male) |
| 14:58 | Build | House |
| 15:30 | Build | Lumber Camp |
| 15:38 | Queue | Villager (Male) |
| 15:45 | Queue | Villager (Male) |
| 15:45 | Queue | Villager (Male) |
| 15:45 | Queue | Villager (Male) |
| 15:45 | Queue | Villager (Male) |
| 16:38 | Build | Mill |
| 16:57 | Build | House |
| 17:03 | Queue | Villager (Male) |
| 17:05 | Build | Farm |
| 17:21 | Build | Watch Tower |
| 17:25 | Queue | Villager (Male) |
| 17:48 | Build | House |
| 18:10 | Queue | Villager (Male) |
| 18:12 | Build | Farm |
| 18:13 | Build | Farm |
| 18:14 | Build | Farm |
| 18:31 | Queue | Villager (Male) |
| 18:37 | Research | Double-Bit Axe |
| 19:03 | Queue | Villager (Male) |
| 19:05 | Build | Farm |
| 19:05 | Build | Farm |
| 19:06 | Build | Farm |
| 19:06 | Build | Farm |
| 19:06 | Build | Farm |
| 19:06 | Build | Farm |
| 19:39 | Queue | Villager (Male) |
| 19:42 | Build | House |
| 19:45 | Build | Farm |
| 19:46 | Build | Farm |
| 19:46 | Build | Farm |
| 19:46 | Build | Farm |
| 19:46 | Build | Farm |
| 20:01 | Queue | Villager (Male) |
| 20:11 | Build | Mining Camp |
| 20:17 | Build | House |
| 20:28 | Build | Watch Tower |
| 20:31 | Queue | Villager (Male) |
| 20:35 | Build | Farm |
| 20:40 | Build | House |
| 20:58 | Queue | Villager (Male) |
| 21:01 | Build | Farm |
| 21:01 | Build | Farm |
| 21:14 | Build | Watch Tower |
| 21:26 | Queue | Villager (Male) |
| 21:34 | Build | Watch Tower |
| 21:40 | Build | Watch Tower |
| 21:47 | Queue | Villager (Male) |
| 21:53 | Queue | Villager (Male) |
| 22:16 | Queue | Villager (Male) |
| 22:30 | Build | Watch Tower |
| 22:52 | Build | Lumber Camp |
| 22:53 | Queue | Villager (Male) |
| 23:15 | Build | Mill |
| 23:17 | Build | Farm |
| 23:17 | Build | Farm |
| 23:17 | Build | Farm |
| 23:17 | Build | Farm |
| 23:17 | Build | Farm |
| 23:18 | Build | Farm |
| 23:18 | Build | Farm |
| 23:19 | Queue | Villager (Male) |
| 23:32 | Build | House |
| 23:34 | Build | House |
| 23:35 | Build | House |
| 23:58 | Build | Watch Tower |
| 24:06 | Queue | Villager (Male) |
| 24:12 | Build | Barracks |
| 24:22 | Queue | Villager (Male) |
| 24:33 | Queue | Villager (Male) |
| 25:07 | Build | House |
| 25:09 | Queue | Villager (Male) |
| 25:23 | Build | Market |
| 25:24 | Queue | Villager (Male) |
| 25:40 | Queue | Spearman |
| 25:40 | Queue | Spearman |
| 25:41 | Queue | Spearman |
| 26:31 | Build | Town Center |
| 26:47 | Queue | Spearman |
| 26:49 | Build | Barracks |
| 26:53 | Research | Forging |
| 27:01 | Research | Gold Mining |
| 27:04 | Queue | Spearman |
| 27:54 | Queue | Villager (Male) |
| 27:55 | Queue | Villager (Male) |
| 27:55 | Queue | Villager (Male) |
| 28:04 | Build | Mining Camp |
| 28:10 | Build | Farm |
Build order — florida
148 actions detected in the replay
| 0:01 | Queue | Villager (Male) |
| 0:01 | Queue | Villager (Male) |
| 0:01 | Queue | Villager (Male) |
| 0:01 | Queue | Villager (Male) |
| 0:03 | Build | House |
| 0:04 | Build | House |
| 1:33 | Queue | Villager (Male) |
| 1:56 | Build | Lumber Camp |
| 2:11 | Queue | Villager (Male) |
| 2:11 | Queue | Villager (Male) |
| 2:20 | Queue | Villager (Male) |
| 3:03 | Research | Loom |
| 3:31 | Queue | Villager (Male) |
| 3:31 | Queue | Villager (Male) |
| 3:41 | Build | House |
| 3:42 | Build | House |
| 4:00 | Queue | Villager (Male) |
| 4:13 | Queue | Villager (Male) |
| 4:15 | Queue | Villager (Male) |
| 4:33 | Queue | Villager (Male) |
| 5:22 | Build | Mill |
| 5:39 | Queue | Villager (Male) |
| 6:19 | Queue | Villager (Male) |
| 6:45 | Queue | Villager (Male) |
| 7:17 | Queue | Villager (Male) |
| 7:27 | Build | Palisade Wall |
| 7:43 | Research | Feudal Age |
| 8:13 | Build | Barracks |
| 8:55 | Build | House |
| 9:02 | Queue | Villager (Male) |
| 9:20 | Build | Mill |
| 9:36 | Queue | Villager (Male) |
| 9:53 | Age | Feudal Age |
| 9:57 | Build | House |
| 10:00 | Queue | Villager (Male) |
| 10:27 | Build | House |
| 10:30 | Build | Stone Wall |
| 10:42 | Queue | Villager (Male) |
| 11:02 | Build | Watch Tower |
| 11:05 | Queue | Villager (Male) |
| 11:15 | Queue | Villager (Male) |
| 11:58 | Build | Mining Camp |
| 12:01 | Queue | Villager (Male) |
| 12:29 | Build | Lumber Camp |
| 13:25 | Queue | Villager (Male) |
| 13:34 | Queue | Villager (Male) |
| 13:41 | Build | Market |
| 13:44 | Build | House |
| 13:45 | Queue | Villager (Male) |
| 13:49 | Build | Farm |
| 14:07 | Queue | Villager (Male) |
| 14:33 | Build | Palisade Wall |
| 14:45 | Build | Farm |
| 14:46 | Build | Farm |
| 14:47 | Build | Farm |
| 15:10 | Queue | Villager (Male) |
| 15:31 | Build | Farm |
| 15:33 | Build | Farm |
| 15:34 | Queue | Villager (Male) |
| 15:49 | Build | Farm |
| 16:32 | Queue | Villager (Male) |
| 16:51 | Build | Blacksmith |
| 17:24 | Build | Market |
| 17:29 | Build | Watch Tower |
| 17:38 | Queue | Villager (Male) |
| 18:15 | Build | Farm |
| 18:24 | Research | Castle Age |
| 18:44 | Build | Mining Camp |
| 20:40 | Queue | Villager (Male) |
| 20:40 | Queue | Villager (Male) |
| 21:04 | Age | Castle Age |
| 21:09 | Build | Castle |
| 21:18 | Build | Stone Wall |
| 21:21 | Research | Wheelbarrow |
| 21:33 | Build | Castle |
| 21:40 | Build | Stone Wall |
| 21:54 | Build | House |
| 22:45 | Build | Town Center |
| 23:12 | Build | Watch Tower |
| 23:18 | Queue | Villager (Male) |
| 23:25 | Queue | Magyar Huszar |
| 23:30 | Build | Farm |
| 23:51 | Queue | Villager (Male) |
| 24:46 | Queue | Villager (Male) |
| 24:49 | Queue | Villager (Male) |
| 24:56 | Research | Double-Bit Axe |
| 25:01 | Build | Mining Camp |
| 25:05 | Queue | Villager (Male) |
| 25:08 | Build | Farm |
| 25:09 | Build | Farm |
| 25:10 | Build | Farm |
| 25:13 | Queue | Magyar Huszar |
| 25:29 | Build | Farm |
| 25:31 | Build | Farm |
| 26:00 | Build | Siege Workshop |
| 26:06 | Build | Farm |
| 26:25 | Queue | Magyar Huszar |
| 26:28 | Build | Farm |
| 26:44 | Queue | Mangonel |
| 26:55 | Queue | Villager (Male) |
| 26:58 | Queue | Villager (Male) |
| 27:17 | Research | Bow Saw |
| 27:51 | Build | Farm |
| 27:53 | Build | Farm |
| 27:56 | Build | Farm |
| 27:57 | Queue | Villager (Male) |
| 28:25 | Queue | Battering Ram |
| 28:37 | Queue | Villager (Male) |
| 28:40 | Queue | Villager (Male) |
| 28:40 | Queue | Villager (Male) |
| 28:43 | Build | Farm |
| 28:55 | Queue | Magyar Huszar |
| 29:10 | Build | Mill |
| 29:18 | Queue | Villager (Male) |
| 29:23 | Research | Horse Collar |
| 29:33 | Queue | Magyar Huszar |
| 29:43 | Queue | Villager (Male) |
| 30:02 | Queue | Magyar Huszar |
| 30:03 | Queue | Magyar Huszar |
| 30:17 | Queue | Villager (Male) |
| 30:19 | Queue | Villager (Male) |
| 30:27 | Queue | Magyar Huszar |
| 30:39 | Queue | Magyar Huszar |
| 30:42 | Queue | Battering Ram |
| 30:50 | Queue | Villager (Male) |
| 30:52 | Build | Farm |
| 31:18 | Queue | Scorpion |
| 31:30 | Build | Town Center |
| 31:37 | Queue | Villager (Male) |
| 31:40 | Research | Town Watch |
| 31:46 | Research | Gold Mining |
| 32:02 | Queue | Scorpion |
| 32:13 | Queue | Scorpion |
| 32:25 | Queue | Scorpion |
| 32:38 | Queue | Villager (Male) |
| 32:50 | Queue | Magyar Huszar |
| 32:50 | Queue | Magyar Huszar |
| 32:50 | Queue | Magyar Huszar |
| 32:53 | Build | House |
| 32:53 | Build | House |
| 32:53 | Build | House |
| 32:53 | Build | House |
| 32:54 | Build | House |
| 32:54 | Build | House |
| 32:56 | Queue | Villager (Male) |
| 32:57 | Queue | Villager (Male) |
| 33:06 | Queue | Magyar Huszar |
| 33:06 | Queue | Magyar Huszar |
Match timeline
| 7:27 | florida · wall_segment Palisade Wall x5 |
| 7:58 | Lord_calderon · wall_segment Palisade Wall x1 |
| 8:00 | Lord_calderon · wall_segment Palisade Wall x1 |
| 8:02 | Lord_calderon · wall_segment Palisade Wall x3 |
| 8:13 | florida · first_building Barracks |
| 8:16 | Lord_calderon · wall_segment Palisade Wall x1 |
| 8:19 | Lord_calderon · wall_segment Palisade Wall x4 |
| 8:40 | Lord_calderon · age_up feudal |
| 9:53 | florida · age_up feudal |
| 9:59 | Lord_calderon · wall_segment Palisade Wall x2 |
| 10:06 | Lord_calderon · wall_segment Palisade Wall x1 |
| 10:09 | Lord_calderon · wall_segment Palisade Wall x1 |
| 10:11 | Lord_calderon · wall_segment Palisade Wall x1 |
| 10:16 | Lord_calderon · wall_segment Palisade Wall x1 |
| 10:18 | Lord_calderon · wall_segment Palisade Wall x1 |
| 10:30 | florida · wall_segment Stone Wall x10 |
| 10:34 | Lord_calderon · wall_segment Palisade Wall x1 |
| 10:36 | Lord_calderon · wall_segment Palisade Wall x1 |
| 14:33 | florida · wall_segment Palisade Wall x5 |
| 15:23 | florida · first_market_sell 100 stone |
| 15:26 | florida · first_market_buy 100 food |
| 21:04 | florida · age_up castle |
| 21:09 | florida · first_building Castle |
| 21:18 | florida · wall_segment Stone Wall x1 |
| 21:40 | florida · wall_segment Stone Wall x1 |
| 24:12 | Lord_calderon · first_building Barracks |
| 26:00 | florida · first_building Siege Workshop |
| 26:24 | Lord_calderon · first_market_buy 100 stone |
| 29:25 | Lord_calderon · first_market_sell 100 wood |
| 31:59 | Lord_calderon · first_building Stable |
| 33:06 | Lord_calderon · age_up castle |
| 34:07 | Lord_calderon · resign |
[ AI ANALYSIS · 1 CREDIT ]
What really happened in this match?
Wolo.gg analyzes every decision: build order, eco, micro, common mistakes by bracket. Personalized analysis on WhatsApp or Discord in 30 seconds.
Civ guide
Khmer
Perfil
Lord_calderon